 Dungeon Crawl Stone Soup version 0.30.1-3-gfc49f6343a (webtiles) character file.

Game seed: 13884973718985540711

117 sampeng1 the Chopper (level 5, 0/47 HPs)
             Began as a Gnoll Cinder Acolyte on July 28, 2023.
             Was a High Priest of Ignis.
             Slain by an endoplasm (2 damage)
             ... on level 2 of the Dungeon.
             The game lasted 00:08:01 (1693 turns).

sampeng1 the Chopper (Gnoll Cinder Acolyte)         Turns: 1693, Time: 00:08:02

Health: 0/47       AC:  2    Str: 13 (14) XL:     5   Next: 1%
Magic:  0/9        EV: 11    Int: 15      God:    Ignis [*****.]
Gold:   97         SH:  0    Dex:  6 (7)  Spells: 8/10 levels left

rFire   + . .        a - -1 hand axe (flame)
rCold   . . .        (no shield)
rNeg    . . .        b - +0 robe
rPois   .            (no helmet)
rElec   .            (no cloak)
rCorr   .            (no gloves)
SInv    .            (no boots)
Will    .....        (no amulet)
Stlth   +            (no ring)
HPRegen 0.27/turn    (no ring)
MPRegen 0.11/turn

%: no passive effects
@: hasted, very quick
A: fangs 1, strong nose, distributed training
a: Renounce Religion, Fiery Armour, Foxfire Swarm, Rising Flame


You were on level 2 of the Dungeon.
You worshipped Ignis.
Ignis was extremely pleased with you.
You visited 1 branch of the dungeon, and saw 2 of its levels.

You collected 97 gold pieces.

Inventory:

Hand Weapons
 a - a -1 hand axe of flaming (weapon)
Missiles
 h - 17 stones
 l - 2 poisoned darts (quivered)
Armour
 b - a +0 robe (worn)
Jewellery
 d - a ring of ice
Scrolls
 f - 2 scrolls of identify {unknown}
 g - a scroll of teleportation
Potions
 c - a potion of brilliance
 i - 2 potions of mutation {unknown}


   Skills:
 + Level 6.6 Fighting
 + Level 1.4 Short Blades
 + Level 1.4 Long Blades
 + Level 6.6 Axes
 + Level 1.4 Maces & Flails
 + Level 1.4 Polearms
 + Level 1.4 Staves
 + Level 1.4 Ranged Weapons
 + Level 1.4 Throwing
 + Level 1.4 Armour
 + Level 1.4 Dodging
 + Level 1.4 Stealth
 + Level 1.4 Shields
 + Level 1.4 Unarmed Combat
 + Level 3.1 Spellcasting
 + Level 1.1 Conjurations
 + Level 1.1 Hexes
 + Level 1.1 Summonings
 + Level 1.1 Necromancy
 + Level 1.1 Translocations
 + Level 1.1 Transmutations
 + Level 5.5 Fire Magic
 + Level 1.1 Ice Magic
 + Level 1.1 Air Magic
 + Level 1.1 Earth Magic
 + Level 1.1 Poison Magic
 + Level 1.5 Invocations
 + Level 1.4 Evocations


You had 8 spell levels left.
You knew the following spells:

 Your Spells              Type           Power      Damage    Failure   Level
a - Scorch                Fire           36%        2d6       3%          2

Your spell library contained the following spells:

 Spells                   Type           Power      Damage    Failure   Level


Dungeon Overview and Level Annotations

Branches:
Dungeon (2/15)

Altars:


Innate Abilities, Weirdness & Mutations

You have very sharp teeth.
Your uncanny sense of smell can sniff out nearby items.
Your experience applies equally to all skills.


Message History

Confirm with . or Enter, or press ? or * to list all spells.
Flames lash the gnoll.
The gnoll is severely wounded.
The gnoll's fire resistance burns away.
Casting: Scorch (safe; 3% risk of failure)
Confirm with . or Enter, or press ? or * to list all spells.
Flames lash the gnoll.
The gnoll is burned terribly!
You kill the gnoll!
The gnoll hits you with a +0 whip.
You feel your intelligence returning.
You hit the gnoll. You burn the gnoll. You bite the gnoll, but do no damage.
The gnoll is severely wounded.
The gnoll hits you with a +0 whip!
* * * LOW HITPOINT WARNING * * *
You closely miss the gnoll.
The gnoll is severely wounded.
The gnoll hits you with a +0 whip.
* * * LOW HITPOINT WARNING * * *
You feel yourself speed up. The gnoll hits you with a +0 whip.
* * * LOW HITPOINT WARNING * * *
Casting: Scorch (safe; 3% risk of failure)
Confirm with . or Enter, or press ? or * to list all spells.
Flames lash the gnoll.
You kill the gnoll!
You feel your intelligence returning.
You have reached level 5!
Casting: Scorch (safe; 3% risk of failure)
Confirm with . or Enter, or press ? or * to list all spells.
You don't have enough magic to cast this spell.
Casting: Scorch (safe; 3% risk of failure)
Confirm with . or Enter, or press ? or * to list all spells.
You don't have enough magic to cast this spell.
An endoplasm is nearby!
You hit the endoplasm. You burn the endoplasm.
You bite the endoplasm, but do no damage.
The endoplasm is severely wounded.
You barely miss the endoplasm.
The endoplasm is severely wounded.
The endoplasm hits you.
You die...

#. ..# #.###.#####..##
......<......
##........#
#.........#
##.).###### ##)## #J#
#@# #.# ##'## #.#
##...## #.####
##.....## #....#
##.......## ##....#
#.......).####.....###
+.........'...........
#.......†.####.....###
∆ ##.......## ##.##.#


You could see an endoplasm.

Vanquished Creatures
  Natasha (D:2)
  4 gnolls
  An adder (D:2)
  A worm (D:2)
  A dart slug (D:1)
  5 endoplasms (D:1)
  8 hobgoblins
  2 kobolds
  6 quokkas
  3 bats (D:1)
  A frilled lizard (D:1)
  2 goblins (D:1)
  6 rats (D:1)
41 creatures vanquished.

Notes
Turn   | Place    | Note
-------+----------+-------------------------------------------
     0 | D:1      | sampeng1 the Gnoll Cinder Acolyte began the quest for the
                  | Orb.
     0 | D:1      | Reached XP level 1. HP: 23/23 MP: 4/4
   230 | D:1      | Reached XP level 2. HP: 13/29 MP: 5/5
   242 | D:1      | Learned a level 2 spell: Scorch
   754 | D:1      | Reached XP level 3. HP: 25/35 MP: 7/7
   862 | D:1      | Reached skill level 1 in Invocations
  1256 | D:2      | Reached skill level 1 in Short Blades
  1256 | D:2      | Reached skill level 1 in Long Blades
  1256 | D:2      | Reached skill level 1 in Maces & Flails
  1256 | D:2      | Reached skill level 1 in Polearms
  1256 | D:2      | Reached skill level 1 in Staves
  1256 | D:2      | Reached skill level 1 in Ranged Weapons
  1256 | D:2      | Reached skill level 1 in Throwing
  1256 | D:2      | Reached skill level 1 in Armour
  1256 | D:2      | Reached skill level 1 in Dodging
  1256 | D:2      | Reached skill level 1 in Stealth
  1256 | D:2      | Reached skill level 1 in Shields
  1256 | D:2      | Reached skill level 1 in Unarmed Combat
  1256 | D:2      | Reached skill level 1 in Evocations
  1468 | D:2      | Reached XP level 4. HP: 41/41 MP: 8/8
  1625 | D:2      | Noticed Natasha
  1638 | D:2      | Killed Natasha
  1639 | D:2      | Reached skill level 1 in Conjurations
  1639 | D:2      | Reached skill level 1 in Hexes
  1639 | D:2      | Reached skill level 1 in Summonings
  1639 | D:2      | Reached skill level 1 in Necromancy
  1639 | D:2      | Reached skill level 1 in Translocations
  1639 | D:2      | Reached skill level 1 in Transmutations
  1639 | D:2      | Reached skill level 1 in Ice Magic
  1639 | D:2      | Reached skill level 1 in Air Magic
  1639 | D:2      | Reached skill level 1 in Earth Magic
  1639 | D:2      | Reached skill level 1 in Poison Magic
  1688 | D:2      | HP: 2/41 [gnoll/+0 whip (3)]
  1691 | D:2      | Reached XP level 5. HP: 2/47 MP: 0/9
  1693 | D:2      | Slain by an endoplasm

Illustrated notes

Levels and vault maps discovered:
D:1:      minmay_arrival_solitary_statue, layout_basic
D:2:      layout_loops_corners, uniq_robin, uniq_natasha

Skill      XL: |  1  2  3  4 |
---------------+-------------+-----
Invocations    | 1 |  1.5
Short Blades   | 1 |  1.4
Long Blades    | 1 |  1.4
Maces & Flails | 1 |  1.4
Polearms       | 1 |  1.4
Staves         | 1 |  1.4
Ranged Weapons | 1 |  1.4
Throwing       | 1 |  1.4
Armour         | 1 |  1.4
Dodging        | 1 |  1.4
Stealth        | 1 |  1.4
Shields        | 1 |  1.4
Unarmed Combat | 1 |  1.4
Evocations     | 1 |  1.4
Spellcasting   | 3 |  3.1
Conjurations   | 1 |  1.1
Hexes          | 1 |  1.1
Summonings     | 1 |  1.1
Necromancy     | 1 |  1.1
Translocations | 1 |  1.1
Transmutations | 1 |  1.1
Ice Magic      | 1 |  1.1
Air Magic      | 1 |  1.1
Earth Magic    | 1 |  1.1
Poison Magic   | 1 |  1.1
Fighting       | |  6.6
Axes           | |  6.6
Fire Magic     | |  5.5

Action                     |  1- 3 |  4- 6 || total
---------------------------+-------+-------++-------
  Melee: Hand axe          |    69 |    10 ||    79
         Bite              |     6 |     5 ||    11
         Unarmed           |       |     5 ||     5
   Cast: Scorch            |    11 |     7 ||    18
    Use: Potion            |     6 |     1 ||     7
         Scroll            |     4 |       ||     4
 Armour: Robe              |    14 |       ||    14
         Skin              |       |     5 ||     5
  Dodge: Dodged            |    37 |    10 ||    47
